 Dungeon Crawl Stone Soup version 0.31-a0-232-gb1c03b2570 (webtiles) character file.

Game seed: 5693319381078823620

80 qw the Shooter (level 4, -3/26 HPs)
             Began as a Gargoyle Hexslinger on July 7, 2023.
             Was an Initiate of Okawaru.
             Slain by a water moccasin (4 damage)
             ... on level 3 of the Dungeon.
             The game lasted 00:00:50 (1847 turns).

qw the Shooter (Gargoyle Hexslinger)                Turns: 1847, Time: 00:00:51

Health: -3/26      AC:  8    Str: 11    XL:     4   Next: 39%
Magic:  5/5        EV: 11    Int: 14    God:    Okawaru [......]
Gold:   101        SH:  5    Dex: 14    Spells: 4/5 levels left

rFire   . . .        Y - +2 sling
rCold   . . .        (no shield)
rNeg    + . .        g - +0 leather armour
rPois   inf          f - +0 helmet
rElec   +            (no cloak)
rCorr   .            j - +0 pair of gloves
SInv    .            (no boots)
Will    .....        p - amulet of reflection
Stlth   +            (no ring)
HPRegen 0.24/turn    (no ring)
MPRegen 0.09/turn

%: reflection
@: no status effects
A: sickness immunity, AC +3, negative energy resistance 1, electricity
resistance, torment resistance 1, petrification resistance
a: Renounce Religion


You were on level 3 of the Dungeon.
You worshipped Okawaru.
Okawaru was noncommittal.
You visited 1 branch of the dungeon, and saw 3 of its levels.

You collected 101 gold pieces.


Innate Abilities, Weirdness & Mutations

You are immune to sickness and miasma.
Your stone body is resilient. (AC +3)
You are immune to poison.
You resist negative energy. (rN+)
You are resistant to electric shocks. (rElec)
You are resistant to unholy torment.
You are immune to petrification.


   Skills:
 - Level 2.0 Fighting
 + Level 4.2 Ranged Weapons
 - Level 1.5 Dodging
 - Level 1.0 Spellcasting
 - Level 2.6 Hexes


You had 4 spell levels left.
You knew the following spells:

 Your Spells              Type           Power      Damage    Failure   Level
a - Slow                  Hex            32%        N/A       12%         1

Your spell library contained the following spells:

 Spells                   Type           Power      Damage    Failure   Level
 Inner Flame              Hex/Fire       4%         N/A       52%         3
 Portal Projectile        Hex/Tloc       8%         N/A       52%         3
 Cause Fear               Hex            4%         N/A       75%         4

Inventory:

Hand Weapons
 Y - a +2 sling (weapon)
Armour
 f - a +0 helmet (worn)
 g - a +0 leather armour (worn)
 j - a +0 pair of gloves (worn)
Jewellery
 m - a ring of ice
 p - an amulet of reflection (around neck)
Scrolls
 a - a scroll of identify
 k - 3 scrolls of teleportation
Potions
 c - a potion of brilliance {unknown}
 d - a potion of haste
 e - a potion of enlightenment
 h - a potion of mutation {unknown}
 i - a potion of degeneration {unknown}
 l - a potion of lignification {unknown}
 o - a potion of heal wounds {unknown}
 q - a potion of magic {unknown}

Dungeon Overview and Level Annotations

Branches:
Dungeon (3/15)

Altars:
Okawaru
Uskayaw

Annotations:
D:2 1 runed translucent door, Crazy Yiuf


Message History

The water moccasin closely misses you. The hobgoblin barely misses you.
You shoot a sling bullet.
The sling bullet hits the water moccasin but does no damage.
The water moccasin is severely wounded.
The water moccasin closely misses you. The adder barely misses you.
The hobgoblin closely misses you.
The water moccasin completely misses you.
The adder bites you but does no damage.
You shoot a sling bullet.
The sling bullet hits the water moccasin.
The water moccasin is severely wounded.
You block the water moccasin's attack. The adder closely misses you.
The hobgoblin barely misses you. The water moccasin bites you.
You shoot a sling bullet.
The sling bullet closely misses the water moccasin.
The adder misses you. The hobgoblin hits you.
The water moccasin completely misses you.
The adder bites you but does no damage.
You shoot a sling bullet.
The sling bullet barely misses the water moccasin.
The water moccasin completely misses you.
The adder barely misses you. The hobgoblin barely misses you.
The water moccasin bites you but does no damage.
The hobgoblin completely misses you. The adder closely misses you.
You shoot a sling bullet.
The sling bullet barely misses the water moccasin.
The water moccasin bites you. The adder barely misses you.
The hobgoblin closely misses you. You block the water moccasin's attack.
You shoot a sling bullet.
The sling bullet hits the water moccasin.
The water moccasin is almost dead.
You block the adder's attack. The water moccasin barely misses you.
The hobgoblin hits you but does no damage.
The adder barely misses you.
You shoot a sling bullet.
The sling bullet barely misses the water moccasin.
The water moccasin bites you! The adder barely misses you.
The hobgoblin hits you but does no damage.
The water moccasin bites you.
You die...

#.# #.....PP....
##.###.P.........
#....#.PPPP......
#....#...P.P....P
#....#......PPPP.
#....#...........
##....#.........##
###.g...#.........#
#).@S...#.........#
#....S.............#
#(.$###...### #..#
#.## #.. ... ##.
.... # $..


You could see a water moccasin, an adder and a hobgoblin.

Vanquished Creatures
  3 adders
  A worm (D:2)
  2 dart slugs
  3 endoplasms
  A giant cockroach (D:3)
  8 goblins
  4 hobgoblins
  4 jackals (D:1)
  A kobold (D:2)
  2 quokkas
  4 ball pythons (D:1)
  3 bats
  7 rats
43 creatures vanquished.

Notes
Turn   | Place    | Note
-------+----------+-------------------------------------------
     0 | D:1      | qw the Gargoyle Hexslinger began the quest for the Orb.
     0 | D:1      | Reached XP level 1. HP: 12/12 MP: 2/2
     0 | D:1      | 0 ||| qw: Version: 0.3-a-46-gb1f654a
     0 | D:1      | 0 ||| qw: Game counter: 2806
     0 | D:1      | 0 ||| qw: Melee chars always use a shield: true
     0 | D:1      | 0 ||| qw: God list: Okawaru
     0 | D:1      | 0 ||| qw: Allow faded altars: false
     0 | D:1      | 0 ||| qw: Do Orc after clearing Dungeon:15 true
     0 | D:1      | 0 ||| qw: Do second Lair branch before Depths: true
     0 | D:1      | 0 ||| qw: Lair rune preference: random
     0 | D:1      | 0 ||| qw: Goals: Normal
     0 | D:1      | 0 ||| PLANNING D:1-11
   176 | D:1      | Reached XP level 2. HP: 16/16 MP: 3/3
   200 | D:1      | Reached skill level 3 in Ranged Weapons
   352 | D:1      | Found a faded altar of an unknown god.
   653 | D:1      | 653 ||| UPGRADING to +0 leather armour.
   663 | D:1      | 663 ||| DROPPING +0 robe.
   664 | D:1      | 664 ||| UPGRADING to +0 pair of gloves.
   669 | D:1      | 669 ||| UPGRADING to amulet of reflection.
   674 | D:1      | 674 ||| READING 2 scrolls labelled HOPADA LASHYD.
   675 | D:1      | 675 ||| READING scroll labelled OTEBBAB QUSYIP.
   676 | D:1      | 676 ||| READING scroll labelled ESEVIPR SIYG.
   677 | D:1      | 677 ||| READING scroll labelled GAOLEKEFIA.
   678 | D:1      | 678 ||| READING scroll labelled LUGEMO VINO.
   683 | D:1      | 683 ||| DROPPING scroll of poison.
   733 | D:2      | Reached XP level 3. HP: 21/21 MP: 4/4
   919 | D:2      | Found a runed translucent door.
   920 | D:2      | Noticed Crazy Yiuf
  1450 | D:2      | Reached XP level 4. HP: 21/26 MP: 5/5
  1534 | D:2      | 1534 ||| UPGRADING to +0 helmet.
  1539 | D:2      | 1539 ||| DROPPING amulet of magic regeneration.
  1540 | D:2      | 1540 ||| READING scroll labelled JUIWKEVOIK.
  1541 | D:2      | 1541 ||| DRINKING 2 fizzy blue potions.
  1542 | D:2      | 1542 ||| READING 2 scrolls of identify.
  1542 | D:2      | 1542 ||| IDENTIFYING sedimented golden potion
  1617 | D:3      | Reached skill level 4 in Ranged Weapons
  1705 | D:3      | Found a hide-covered altar of Uskayaw.
  1720 | D:3      | Found an iron altar of Okawaru.
  1722 | D:3      | 1722 ||| PLANNING OKAWARU WORSHIP
  1722 | D:3      | 1722 ||| READING 3 scrolls labelled CEFOCA SUATUOD.
  1723 | D:3      | 1723 ||| DROPPING 2 scrolls of amnesia.
  1798 | D:3      | Became a worshipper of Warmaster Okawaru
  1799 | D:3      | 1799 ||| PLANNING D:1-11
  1828 | D:3      | Noticed a water moccasin
  1847 | D:3      | HP: 1/26 [water moccasin (8)]
  1847 | D:3      | Slain by a water moccasin

Levels and vault maps discovered:
D:1:      heliophobic_arrival_enchanted_forest, layout_loops_ring,
          shapermc_ecumenical_altar_ellora, minmay_hexomino_u4
D:2:      layout_basic, uniq_crazy_yiuf_cottage
D:3:      layout_basic, lemuel_crystal_altar,
          mainiacjoe_overflow_catch_the_wave, minivault_24,
          minmay_three_crescents

Skill      XL: |  1  2  3  4 |
---------------+-------------+-----
Ranged Weapons | 3 4 |  4.2
Fighting       | 2 |  2.0
Dodging        | |  1.5
Spellcasting   | |  1.0
Hexes          | |  2.6

Action                     |  1- 3 |  4- 6 || total
---------------------------+-------+-------++-------
   Fire: Sling             |   124 |    54 ||   178
    Use: Scroll            |     5 |     3 ||     8
         Potion            |       |     1 ||     1
 Armour: Robe              |    24 |       ||    24
         Leather armour    |     8 |    20 ||    28
  Dodge: Dodged            |    63 |    40 ||   103
  Block: Other             |     7 |    13 ||    20

Table legend:
 A = Non-vault XP
 B = Vault XP
 C = Vault XP percentage of total XP
 D = Non-vault monster count
 E = Vault monster count
 F = Vault count percentage of total count
                 A         B        C        D         E       F
            +---------+---------+-------+---------+---------+-------
      Total |     110 |       5 |   4.3 |      40 |       3 |   7.0
            +---------+---------+-------+---------+---------+-------
        D:1 |      25 |       5 |  16.7 |      15 |       3 |  16.7
        D:2 |      54 |       0 |   0.0 |      14 |       0 |   0.0
        D:3 |      31 |       0 |   0.0 |      11 |       0 |   0.0
            +---------+---------+-------+---------+---------+-------
